 Dungeon Crawl Stone Soup version 0.28-a0-1382-g92835e5c71 (webtiles) character file.

Game seed: 14795542000153755159

140 Deminshera the Sneak (level 5, -3/32 HPs)
             Began as a Kobold Brigand on Jan 1, 2022.
             Slain by a bullfrog (6 damage)
             ... in a sewer.
             The game lasted 00:04:30 (4546 turns).

Deminshera the Sneak (Kobold Brigand)               Turns: 4546, Time: 00:04:31

Health: -3/32      AC:  6    Str: 10    XL:     5   Next: 46%
Magic:  5/5        EV: 13    Int: 13    God:
Gold:   148        SH:  0    Dex: 16    Spells: 4/4 levels left

rFire   . . .      SeeInvis .   a - +2 dagger
rCold   . . .      Faith    .   (no shield)
rNeg    . . .      Spirit   .   i - +0 ring mail
rPois   .          Reflect  .   (no helmet)
rElec   .          Harm     .   c - +0 cloak
rCorr   .          Rampage  .   (no gloves)
Will    .....                   (no boots)
Stlth   ++++......              (no amulet)
HPRegen 0.10/turn               (no ring)
MPRegen 0.09/turn               (no ring)

@: no status effects
A: small, no large weapons, nightstalker 3
a: no special abilities


You were in a sewer.
You visited 1 branch of the dungeon, and saw 3 of its levels.
You also visited: Sewer.

You collected 148 gold pieces.

Inventory:

Hand Weapons
 a - a +2 dagger (weapon)
Missiles
 d - 4 poisoned darts (quivered)
Armour
 c - a +0 cloak (worn)
 i - a +0 ring mail (worn)
Scrolls
 b - a scroll of noise {unknown}
 f - 2 scrolls of acquirement {unknown}
 g - a scroll of torment {unknown}
 h - a scroll of identify {unknown}
 j - a scroll of silence {unknown}
 k - 2 scrolls of blinking
 l - a scroll of summoning {unknown}


   Skills:
 + Level 3.2 Fighting
 + Level 4.0 Short Blades
 - Level 3.0 Throwing
 + Level 2.8 Dodging
 + Level 6.2 Stealth


You had 4 spell levels left.
You didn't know any spells.
Your spell library contained the following spells:

 Spells                   Type           Power      Damage    Failure   Level
 Frozen Ramparts          Ice            0%         1d2       94%         3
 Ice Form                 Ice/Tmut       0%         N/A       100%        4
 Summon Ice Beast         Ice/Summ       0%         N/A       100%        4


Dungeon Overview and Level Annotations

Branches:
Dungeon (3/15)              Sewer (1/1)

Altars:


Innate Abilities, Weirdness & Mutations

You are small and have problems with some larger weapons.
You are completely attuned to the shadows.


Message History

You throw a curare-tipped dart.
The curare-tipped dart hits the bullfrog.
The bullfrog is poisoned.
The bullfrog convulses.
The bullfrog seems to slow down.
The bullfrog is heavily wounded.
You hear a splash.
The bullfrog closely misses you. The frilled lizard barely misses you.
The bullfrog barely misses you.
Throw: 7 darts (poison)
Press: ? - help, Q - select action Shift-Dir - straight line, f - bullfrog, p - bullfrog
Aim: a bullfrog (55% to hit)
You throw a poisoned dart.
The poisoned dart barely misses the bullfrog.
The bullfrog misses you. The frilled lizard closely misses you.
The bullfrog hits you but does no damage.
Throw: 6 darts (poison)
Press: ? - help, Q - select action Shift-Dir - straight line, f/p - bullfrog
Aim: a bullfrog (55% to hit)
You throw a poisoned dart.
The poisoned dart closely misses the bullfrog.
The bullfrog hits you but does no damage.
The bullfrog barely misses you. The frilled lizard barely misses you.
Throw: 5 darts (poison)
Press: ? - help, Q - select action Shift-Dir - straight line, f/p - bullfrog
Aim: a bullfrog (55% to hit)
You throw a poisoned dart.
The poisoned dart barely misses the bullfrog.
The bullfrog hits you! The bullfrog barely misses you.
The frilled lizard closely misses you. The bullfrog barely misses you.
The bullfrog hits you but does no damage.
The frilled lizard closely misses you. The bullfrog hits you.
The frilled lizard bites you but does no damage.
You closely miss the bullfrog.
The bullfrog is almost dead.
The bullfrog hits you!
* * * LOW HITPOINT WARNING * * *
The bullfrog hits you.
You die...

####≈≈.≈≈.≈.≈.†####
####.≈.≈.≈≈.≈≈≈.≈..≈≈####
##≈≈≈≈.≈.#########≈≈≈≈≈≈.##
##≈≈≈≈≈####≈≈.†.≈≈####≈..≈≈##
#≈≈≈≈###†≈≈≈≈≈≈≈≈≈.≈≈###≈≈≈≈##
≈≈..##.†≈≈.#######≈.≈≈.##.≈≈≈#
≈.≈##≈≈≈≈###≈≈≈≈≈###≈≈≈.##≈≈≈##
.≈≈#≈.≈≈##≈≈≈≈.≈≈≈≈##≈≈≈≈#≈≈≈.#
≈≈##≈≈≈##
≈≈≈≈≈.@†≈≈##≈†≈##≈..## ≈≈#≈≈.≈#
≈≈..((FF≈≈≈#≈≈≈≈#≈≈..# ≈≈#.≈≈≈#
≈≈.≈.?l..≈≈#≈≈≈≈#≈≈.∩# ≈≈#≈≈≈.#
..≈≈≈.(..≈≈#÷≈≈≈#≈≈≈.#
≈≈##≈≈≈##
≈.≈≈≈.(.≈.≈#≈.≈##≈≈≈##
≈.≈#≈.≈≈##≈≈≈≈≈.≈≈†≈.#.≈≈#≈≈≈≈#
≈†≈##.≈≈≈###≈≈≈≈≈#.≈##.≈##≈.≈##
.≈.≈##≈≈≈..#######≈.#≈≈##≈≈≈≈#
#≈≈..###≈≈≈..≈.≈..≈##.≈#≈..≈##


You could see 2 bullfrogs and a frilled lizard.

Vanquished Creatures
  5 adders
  A worm (D:3)
  A dart slug (D:3)
  4 bats
  11 endoplasms
  9 giant cockroaches
  A hobgoblin (D:1)
  4 jackals (D:1)
  4 kobolds
  17 quokkas
  7 ball pythons
  5 frilled lizards (Sewer)
  5 goblins (D:1)
  4 rats
78 creatures vanquished.

Notes
Turn   | Place    | Note
-------+----------+-------------------------------------------
     0 | D:1      | Deminshera the Kobold Brigand began the quest for the Orb.
     0 | D:1      | Reached XP level 1. HP: 12/12 MP: 1/1
   531 | D:1      | Reached XP level 2. HP: 18/18 MP: 2/2
   844 | D:1      | Found a faded altar of an unknown god.
   998 | D:1      | Reached XP level 3. HP: 10/22 MP: 3/3
  2411 | D:2      | You fall into a shaft and drop 1 floor!
  2532 | D:3      | Reached XP level 4. HP: 25/27 MP: 4/4
  2581 | D:3      | Found a glowing drain.
  2585 | Sewer    | Entered a sewer
  3355 | Sewer    | Reached skill level 6 in Stealth
  3355 | Sewer    | Reached XP level 5. HP: 32/32 MP: 5/5
  4530 | Sewer    | Noticed a bullfrog
  4530 | Sewer    | Noticed a bullfrog
  4546 | Sewer    | Slain by a bullfrog

Illustrated notes

Levels and vault maps discovered:
D:1:      scummos_arrival_forest, layout_basic,
          shapermc_ecumenical_altar_totnotflames
D:2:      layout_basic, basic_altar, minmay_tetromino_s2,
          uniq_crazy_yiuf_cottage, uniq_robin
D:3:      layout_loops_ring, gup_sewer_entry_spiral, serial_bayou_pond_c,
          ebering_dispersal_statue_hall
Sewer:    sewer_frog_island_02

Skill      XL: |  1  2  3  4  5 |
---------------+----------------+-----
Short Blades   | 3 4 |  4.0
Dodging        | 2 |  2.8
Fighting       | 3 |  3.2
Throwing       | 3 |  3.0
Stealth        | 6 |  6.2

Action                   |  1- 3 |  4- 6 || total
-------------------------+-------+-------++-------
Melee: Dagger            |    97 |   177 ||   274
Throw: Dart              |     1 |    19 ||    20
 Stab: Sleeping          |     9 |    13 ||    22
Armor: Robe              |    18 |       ||    18
       Ring mail         |     7 |    49 ||    56
Dodge: Dodged            |    68 |   107 ||   175

Table legend: (Time is in decaauts)
 A = Elapsed time spent in this place.
 B = Non-inter-level travel time spent in this place.
 C = Inter-level travel time spent in this place.
 D = Time resting spent in this place.
 E = Time spent auto-exploring this place.
 F = Levels seen in this place.
 G = Mean time per level.
                   A        B        C        D        E       F      G
               +--------+--------+--------+--------+--------+-----+--------+
         Total |   4580 |   4540 |     40 |   2456 |   1378 |   4 | 1145.0 |
       Dungeon |   2586 |   2546 |     40 |    935 |   1218 |   3 |  862.0 |
         Sewer |   1994 |   1994 |      0 |   1521 |    160 |   1 | 1994.0 |
               +--------+--------+--------+--------+--------+-----+--------+

Top non-repeatable levels by time:
     D:1: 2161 daAuts
   Sewer: 1994 daAuts
     D:2: 236 daAuts
     D:3: 188 daAuts
